 Dungeon Crawl Stone Soup version 0.25.1-2-g60ff931df9 (webtiles) character file.

Game seed: 1228300227602393477

160351 DildoBatman the Eclecticist (level 18, -5/147 HPs)
             Began as a Formicid Wizard on Nov 8, 2020.
             Was an Initiate of Gozag.
             Shot with a bolt by Vashnia (29 damage)
             ... on level 4 of the Snake Pit.
             The game lasted 02:05:49 (28121 turns).

DildoBatman the Eclecticist (Formicid Wizard)      Turns: 28121, Time: 02:05:49

Health: -5/147     AC: 14    Str: 12    XL:     18   Next: 39%
Magic:  39/39      EV: 19    Int: 26    God:    Gozag
Gold:   8170       SH:  8    Dex: 12    Spells: 14/51 levels left

rFire    + + .     SeeInvis +   a - +5 trident (vamp)
rCold    + . .     Gourm    .   P - +1 buckler of Domn {rPois rC- rCorr Slay+4}
rNeg     . . .     Faith    .   o - +3 troll leather armour
rPois    +         Spirit   .   (helmet unavailable)
rElec    +         Reflect  .   T - scarf {rC+ rF+}
rCorr    +         Harm     .   s - +1 pair of gloves {Dex+3}
MR       ++...     Clarity  +   V - +0 pair of boots
Stlth    ++........             m - amulet of magic regeneration
HPRegen  0.74/turn              I - +4 ring of evasion
MPRegen  0.51/turn              R - ring of wizardry

@: lethally poisoned (-5 -> -5), resistant, marked, gold aura, flying, very
slightly contaminated, invisible
A: permanent stasis, dig shafts and tunnels, four strong arms, antennae 3, claws
1, thin metallic scales 1, clarity, magic resistance 1, robust 1
a: Dig, Shaft Self, Potion Petition, Call Merchant, Bribe Branch, Renounce
Religion


You were on level 4 of the Snake Pit.
You worshipped Gozag.
Gozag was greatly pleased with you.
You were not hungry.

You visited 5 branches of the dungeon, and saw 28 of its levels.
You also visited: Gauntlet.

You collected 9392 gold pieces.
You spent 588 gold pieces at shops.
You paid 634 gold pieces to Gozag.

Inventory:

Hand Weapons
 a - a +5 vampiric trident (weapon)
 b - the +1 shortbow "Goegaw" {venom, Dex+2}
   (You took it off a minotaur in a Gauntlet)

   It poisons the ammo it fires.
   It affects your dexterity (+2).
 d - a +2 scimitar of flaming
 e - a +2 flail of protection
Missiles
 l - 761 arrows
 w - 20 javelins (quivered)
 U - 3 throwing nets
 Y - 305 bolts
 Z - 135 sling bullets
Armour
 o - a +3 troll leather armour (worn)
 s - a +1 pair of gloves of dexterity (worn)
 t - a +0 kite shield
 P - the +1 buckler of Domn (worn) {rPois rC- rCorr Slay+4}
   (You found it in a Gauntlet)

   It affects your accuracy and damage with ranged weapons and melee attacks
   (+4).
   It makes you vulnerable to cold.
   It protects you from poison.
   It provides partial protection from all sources of acid and corrosion.
 T - a scarf of resistance (worn)
 V - a +0 pair of boots (worn)
Magical Staves
 D - an uncursed staff of death
Jewellery
 g - the ring "Loac" {Ice +Blink MR+++ Str-4 Int-3}
   (You found it in a Gauntlet)

   [ring of ice]

   It enhances your ice magic.
   It affects your strength (-4).
   It affects your intelligence (-3).
   It makes you vulnerable to fire.
   It protects you from cold.
   It affects your resistance to hostile enchantments.
   It lets you blink.
 m - an amulet of magic regeneration (around neck)
 p - an uncursed ring of ice
 I - a +4 ring of evasion (left hand)
 R - a ring of wizardry (right hand)
 X - an uncursed ring of protection from fire
Wands
 r - a wand of clouds (12)
 G - a wand of iceblast (36)
 N - a wand of acid (10)
Scrolls
 h - 2 scrolls of immolation
 j - 3 scrolls of amnesia
 x - 6 scrolls of remove curse
 y - a scroll of holy word
 z - 3 scrolls of identify
 A - a scroll of fear
 C - 10 scrolls of magic mapping
 K - 6 scrolls of fog
 M - 2 scrolls of enchant weapon
 O - a scroll of torment {unknown}
Potions
 f - a potion of cancellation {unknown}
 i - 13 potions of curing
 k - 8 potions of heal wounds
 q - 9 potions of might
 B - 5 potions of invisibility
 E - a potion of berserk rage {unknown}
 F - a potion of ambrosia
 H - a potion of mutation
 J - a potion of magic
 Q - 3 potions of brilliance
 W - 6 potions of flight
Miscellaneous
 c - a lightning rod (4/4)
 n - a box of beasts
 u - a phial of floods
 L - a phantom mirror
Comestibles
 v - 44 rations


   Skills:
 - Level 10.0 Fighting
 - Level 10.0 Armour
 - Level 7.0 Dodging
 - Level 2.4 Stealth
 * Level 11.5 Shields
 - Level 17.0 Spellcasting
 - Level 6.0 Conjurations
 - Level 6.0 Charms
   Level 1.0 Summonings
 * Level 10.9 Necromancy
   Level 0.8 Translocations
 - Level 5.0 Fire Magic
 - Level 6.0 Ice Magic
 - Level 4.0 Air Magic
 * Level 13.0 Earth Magic
 - Level 4.0 Poison Magic


You had 14 spell levels left.
You knew the following spells:

 Your Spells              Type           Power        Failure   Level  Hunger
a - Conjure Flame         Conj/Fire      ######..     1%          3    None
b - Borgnjor's Vile Clut  Necr/Erth      ######....   1%          5    None
c - Lee's Rapid Deconstr  Erth           ######....   1%          5    None
d - Vampiric Draining     Necr           ######....   1%          3    None
e - Mephitic Cloud        Conj/Pois/Air  #####...     1%          3    None
g - Ozocubu's Armour      Chrm/Ice       ######..     1%          3    None
h - Dispel Undead         Necr           ######..     1%          4    None
i - Frozen Ramparts       Ice            ######       1%          3    None
j - Iron Shot             Conj/Erth      ######....   3%          6    ###....
z - Sublimation of Blood  Necr           ######....   1%          2    None

Your spell library contained the following spells:

 Spells                   Type           Power        Failure   Level  Hunger
 Sandblast                Erth           ######       0%          1    None
 Animate Skeleton         Necr           N/A          1%          1    None
 Apportation              Tloc           ####..       1%          1    None
 Beastly Appendage        Tmut           ###...       1%          1    None
 Corona                   Hex            ###....      1%          1    None
 Freeze                   Ice            ####         1%          1    None
 Magic Dart               Conj           ####         1%          1    None
 Pain                     Necr           ####         1%          1    None
 Shock                    Conj/Air       ####         1%          1    None
 Summon Small Mammal      Summ           ####         1%          1    None
 Call Imp                 Summ           ####....     1%          2    None
 Corpse Rot               Necr/Air       N/A          1%          2    None
 Passwall                 Tmut/Erth      ######..     1%          2    None
 Poisonous Vapours        Pois/Air       #####.       1%          2    None
 Searing Ray              Conj           ######       1%          2    None
 Slow                     Hex            ###.....     1%          2    None
 Sticks to Snakes         Tmut           ###.....     1%          2    None
 Ignite Poison            Fire/Tmut/Pois #####...     1%          3    None
 Spider Form              Tmut/Pois      ####......   1%          3    None
 Stone Arrow              Conj/Erth      ######       1%          3    None
 Animate Dead             Necr           N/A          1%          4    None
 Hailstorm                Conj/Ice       ######..     1%          4    None
 Petrify                  Tmut/Erth      ######..     1%          4    None
 Agony                    Necr           ######..     1%          5    None
 Summon Ice Beast         Ice/Summ       #####...     2%          4    None
 Iskenderun's Battlesphe  Conj/Chrm      ######..     2%          5    None
 Ice Form                 Ice/Tmut       #####...     3%          4    None
 Simulacrum               Ice/Necr       ######....   5%          6    ###....
 Irradiate                Conj/Tmut      #####.....   9%          5    None
 Cause Fear               Hex            ###.......   11%         4    None
 Alistair's Intoxication  Tmut/Pois      ####....     13%         5    None
 Silence                  Hex/Air        ####......   13%         5    None
 Starburst                Conj/Fire      ######....   17%         6    ###....
 Freezing Cloud           Conj/Ice/Air   #####.....   19%         6    ###....
 Blade Hands              Tmut           ###.......   28%         5    None
 Yara's Violent Unravell  Hex/Tmut       ###.......   28%         5    None
 Eringya's Noxious Bog    Tmut/Pois      ####......   56%         6    ###....
 Haunt                    Necr/Summ      ######....   58%         7    #####..
 Borgnjor's Revivificati  Necr           ######....   61%         8    ######.
 Infestation              Necr           ######....   61%         8    ######.
 Ring of Flames           Chrm/Fire      ######....   65%         7    #####..
 Death's Door             Chrm/Necr      ######....   89%         8    ######.
 Necromutation            Tmut/Necr      ######....   99%         8    ######.
 Discord                  Hex            ###.......   100%        8    ######.
 Blink                    Tloc           Unusable     N/A         2    N/A

Dungeon Overview and Level Annotations

Branches:
Dungeon (15/15)            Temple (1/1) D:5            Lair (6/6) D:9
  Swamp (0/4) Lair:3        Snake (4/4) Lair:2        Slime (0/5) Lair:6
    Orc (2/2) D:9             Elf (0/3) Orc:2        Vaults (0/5) D:13
 Depths (0/5) D:15        Gauntlet (visited)

Altars:
Ashenzari
Cheibriados
Dithmenos
Elyvilon
Fedhas
Gozag
Hepliaklqana
Kikubaaqudgha
Makhleb
Nemelex Xobeh
Okawaru
Qazlal
Ru
Sif Muna
Trog
Uskayaw
Vehumet
Wu Jian
Xom
Yredelemnul
Zin
The Shining One
Beogh

Shops:
D:5 (   D:10 [   D:12 *}(*   Orc:1 [   Orc:2 :%(!   Snake:1 ?

Annotations:
Snake:4 Vashnia


Innate Abilities, Weirdness & Mutations

You cannot be hasted, slowed, berserked, paralysed or teleported.
You can dig through walls and to a lower floor.
Your four strong arms can wield two-handed weapons with a shield.
You have a pair of large antennae on your head. (SInv)
You have sharp fingernails.
You are partially covered in thin metallic scales. (AC +2)
You possess an exceptional clarity of mind.
You are resistant to hostile enchantments. (MR+)
You are robust. (+10% HP)


Message History

The nagaraja spits poison at you. The splash of poison hits you. You resist.
The nagaraja points at you and mumbles some strange words.
The bolt of poison misses you.
The naga sharpshooter casts a spell.
The naga sharpshooter magically shoots a bolt.
The bolt hits you!! The black mamba misses you.
There is a large open door here.
You see here 3 bolts.
The zombie hands constrict the nagaraja!
You kill the nagaraja!
Your Earth Magic skill increases to level 13!
You feel sick.
The guardian serpent seems to regain its courage.
Vashnia shoots a bolt.
The bolt hits you!!
You die...
Your body crumbles into a pile of gold.

..N. #NN$.# #.NN#
##$NN# #...#
##.N.# { { #...#
##.S.## ###
#...##...## ....
#...((.###
.....##NS$N##.####
.....N##SS##..##..
.......@....).##.#
......#####)..##{#
#.# .....
#.#...##.# #%#
.... #.#......#
#.# ... #.#..)...#
#<# .. #.##.)##.#
#.# . #
###.##))##.# #.# .
#....).)[..# #.#
##.## ###.
#.#.##.###.# #.#


You could see Vashnia, a nagaraja, a naga sharpshooter, a naga ritualist, 3
guardian serpents and a black mamba.

Vanquished Creatures
  Gastronok (Lair:2)
  Agnes (Snake:3)
  3 nagarajas (Snake:4)
  Aizul (Snake:2)
  Azrael (D:15)
  A minotaur (Gauntlet)
  A yaktaur captain (D:15)
  Erolcha (Orc:1)
  Harold (Lair:2)
  9 hydras
  10 naga warriors
  A rakshasa (D:14)
  5 anacondas
  A catoblepas (Lair:2)
  9 two-headed ogres
  A death knight (D:15)
  Erica (Orc:1)
  3 centaur warriors
  4 death yaks (Lair:6)
  An ogre mage (Orc:2)
  A tengu warrior (D:13)
  4 orc high priests
  10 naga sharpshooters
  8 shock serpents
  3 salamander mystics (Snake:4)
  2 unseen horrors
  6 naga ritualists
  Pikel (D:8)
  A lindwurm (Lair:6)
  7 ugly things
  5 orc knights
  8 oklob plants
  5 orc sorcerers (Orc:2)
  6 mana vipers
  7 cyclopes
  4 centaur zombies
  A manticore (D:14)
  7 salamanders
  11 elephants
  2 rust devils (D:7)
  A guardian serpent (Snake:3)
  A torpor snail (Lair:2)
  14 naga magi
  3 gargoyles
  32 black mambas
  8 komodo dragons
  9 spiny frogs
  3 efreet
  A yaktaur (D:15)
  A catoblepas skeleton (D:12)
  A rime drake (Lair:2)
  3 trolls
  6 meliai
  2 death yak skeletons (Lair:2)
  A harpy zombie (D:14)
  4 polar bears (Lair:6)
  8 hornets
  4 hydra zombies
  Grinder (D:3)
  A harpy skeleton (D:14)
  37 blink frogs
  7 slime creatures
  8 hippogriffs
  2 dream sheep (Lair:2)
  2 hydra skeletons (Lair:1)
  A bog body (Lair:3)
  12 spriggans
  50 yaks
  Sigmund (D:2)
  A black mamba zombie (Lair:3)
  5 flying skulls (Gauntlet)
  A basilisk (Lair:5)
  A fire dragon skeleton (D:12)
  16 humans (D:13)
  2 wraiths
  5 fire elementals
  6 vampire mosquitoes (D:14)
  A hungry ghost (D:8)
  46 nagas
  4 wargs
  3 acid dragons
  Edmund (D:4)
  4 swamp worms (Lair:3)
  9 water moccasins
  A spiny frog zombie (Lair:2)
  9 porcupines
  4 hell hounds
  4 sky beasts
  A hornet zombie (D:14)
  22 orc warriors
  4 phantoms
  2 necrophages
  6 ice beasts
  2 slaves (D:8)
  7 black bears
  10 ogres
  34 wolves
  8 boggarts
  A manticore skeleton (D:11)
  An elf skeleton (D:10)
  3 orc skeletons
  10 centaurs
  20 crocodiles
  3 big kobolds
  2 komodo dragon zombies (Lair:3)
  18 bullfrogs
  2 hippogriff zombies
  A komodo dragon skeleton (Lair:2)
  A fire crab zombie (Lair:3)
  2 gnoll sergeants
  A hippogriff skeleton (D:11)
  2 water moccasin zombies (Lair:3)
  A wyvern zombie (D:12)
  3 wyvern skeletons
  6 scorpions
  24 killer bees
  3 wights (D:12)
  5 howler monkeys
  An electric eel (Lair:3)
  11 crimson imps
  5 bullfrog zombies
  4 quasits
  A gnoll shaman (D:5)
  10 hounds
  A kobold zombie (D:11)
  A soldier ant zombie (D:12)
  3 bullfrog skeletons
  6 centaur skeletons
  22 orc priests
  4 jellies
  Jessica (D:3)
  35 orc wizards
  2 porcupine zombies (Lair:3)
  Ijyb (D:4)
  Natasha (D:4)
  4 iguanas
  14 worker ants
  An acid dragon skeleton (D:12)
  2 hound zombies (D:5)
  A hound skeleton (D:7)
  A worker ant zombie (D:9)
  14 gnolls
  2 howler monkey zombies
  17 adders
  2 shadow imps
  A steam dragon skeleton (D:12)
  An ooze (D:1)
  An adder zombie (D:14)
  3 worms
  2 dart slugs
  2 leopard geckos
  66 orcs
  6 bats
  A bat skeleton (D:12)
  5 giant cockroaches
  12 goblins
  7 hobgoblins
  8 jackals (D:4)
  4 quokkas
  3 ball pythons (D:3)
  3 frilled lizards
  A frilled lizard skeleton (D:14)
  A goblin skeleton (D:12)
  A jackal skeleton (D:8)
  26 kobolds
  2 leopard gecko skeletons
  A leopard gecko zombie (D:14)
  8 rats
  A rat skeleton (D:11)
  2 butterflies (Lair:2)
  A fungus (Lair:3)
  3 plants
1046 creatures vanquished.

Vanquished Creatures (collateral kills)
  A killer bee (D:9)
1 creature vanquished.

Vanquished Creatures (others)
  A tengu warrior (D:13)
  2 slaves (D:8)
  17 demonic plants (Gauntlet)
  7 fungi
  7 plants
34 creatures vanquished.

Grand Total: 1081 creatures vanquished

Notes
Turn   | Place    | Note
-------+----------+-------------------------------------------
     0 | D:1      | DildoBatman the Formicid Wizard began the quest for the
                  | Orb.
     0 | D:1      | Reached XP level 1. HP: 13/13 MP: 4/4
    23 | D:1      | Reached skill level 1 in Conjurations
   363 | D:1      | Found a sparkling altar of Nemelex Xobeh.
   449 | D:1      | Reached XP level 2. HP: 13/19 MP: 0/6
  1129 | D:1      | Reached XP level 3. HP: 24/24 MP: 0/7
  2047 | D:2      | Reached XP level 4. HP: 30/30 MP: 5/8
  2078 | D:2      | Learned a level 3 spell: Conjure Flame
  2082 | D:2      | Learned a level 3 spell: Mephitic Cloud
  2950 | D:3      | Reached XP level 5. HP: 35/35 MP: 7/9
  3010 | D:3      | Noticed Sigmund
  3230 | D:3      | Noticed Jessica
  3624 | D:4      | Reached skill level 1 in Poison Magic
  3678 | D:4      | Reached skill level 1 in Fire Magic
  3678 | D:4      | Reached XP level 6. HP: 21/41 MP: 6/10
  3722 | D:5      | Entered Level 5 of the Dungeon
  3778 | D:4      | Reached skill level 1 in Air Magic
  3818 | D:5      | Found a staircase to the Ecumenical Temple.
  3827 | Temple   | Entered the Ecumenical Temple
  3914 | Temple   | Became a worshipper of Kikubaaqudgha
  4097 | D:2      | Killed Sigmund
  4097 | D:2      | Reached XP level 7. HP: 32/46 MP: 11/11
  4200 | D:3      | Killed Jessica
  4200 | D:3      | Reached skill level 5 in Conjurations
  4470 | D:3      | Noticed Grinder
  4499 | D:3      | Killed Grinder
  4731 | D:4      | Learned a level 3 spell: Ozocubu's Armour
  4758 | D:4      | Noticed Ijyb
  4776 | D:4      | Killed Ijyb
  4776 | D:4      | Reached XP level 8. HP: 38/52 MP: 8/12
  4831 | D:4      | Reached * piety under Kikubaaqudgha
  4831 | D:4      | Identified Kikubaaqudgha's Handbook of Dark Arts
                  | (Kikubaaqudgha gifted it to you on level 4 of the Dungeon)
  4831 | D:4      | Received a gift from Kikubaaqudgha
  4837 | D:4      | Learned a level 3 spell: Vampiric Draining
  4941 | D:4      | Noticed Natasha
  4981 | D:4      | Killed Natasha
  5207 | D:4      | Noticed Edmund
  5239 | D:4      | Killed Edmund
  5528 | D:5      | Found Soenod's Antique Weapon Shoppe.
  5708 | D:5      | Reached skill level 1 in Armour
  5940 | D:5      | Reached skill level 1 in Fighting
  5940 | D:5      | Reached skill level 1 in Necromancy
  5940 | D:5      | Reached XP level 9. HP: 59/59 MP: 8/13
  5970 | D:5      | Reached skill level 5 in Fire Magic
  6320 | D:6      | Reached ** piety under Kikubaaqudgha
  6344 | D:6      | Found a sacrificial altar of Ru.
  6492 | D:6      | Found a glowing golden altar of the Shining One.
  6943 | D:7      | Noticed a gargoyle
  7039 | D:7      | Noticed a hippogriff
  7064 | D:7      | Killed a hippogriff
  7105 | D:7      | Reached XP level 10. HP: 73/73 MP: 12/14
  7251 | D:7      | Reached skill level 5 in Fighting
  7251 | D:7      | Reached skill level 5 in Armour
  7273 | D:7      | Learned a level 2 spell: Sublimation of Blood
  7955 | D:7      | Reached *** piety under Kikubaaqudgha
  7955 | D:7      | Identified Kikubaaqudgha's Tome of Unholy Arts
                  | (Kikubaaqudgha gifted it to you on level 7 of the Dungeon)
  7955 | D:7      | Received a gift from Kikubaaqudgha
  7983 | D:7      | Reached skill level 4 in Spellcasting
  7983 | D:7      | Reached skill level 5 in Necromancy
  8154 | D:8      | Noticed a two-headed ogre
  8171 | D:8      | Killed a two-headed ogre
  8171 | D:8      | Reached skill level 5 in Spellcasting
  8269 | D:8      | Noticed a two-headed ogre
  8294 | D:8      | Killed a two-headed ogre
  8294 | D:8      | Reached skill level 6 in Spellcasting
  8303 | D:8      | Reached XP level 11. HP: 54/80 MP: 4/20
  8445 | D:8      | Learned a level 5 spell: Borgnjor's Vile Clutch
  8502 | D:8      | Noticed Pikel
  8506 | D:8      | Reached skill level 1 in Earth Magic
  8518 | D:8      | Noticed a two-headed ogre
  8520 | D:8      | Killed Pikel
  8520 | D:8      | Reached skill level 7 in Spellcasting
  8540 | D:8      | Killed a two-headed ogre
  8592 | D:8      | Learned a level 4 spell: Dispel Undead
  9206 | D:9      | Got an amber-encrusted ring mail
  9217 | D:9      | Identified the +1 ring mail of the Flute {Stlth+} (You
                  | found it on level 9 of the Dungeon)
  9486 | D:9      | Reached **** piety under Kikubaaqudgha
  9487 | D:9      | Reached skill level 5 in Earth Magic
  9738 | D:9      | Found a staircase to the Lair.
  9869 | D:9      | Found a staircase to the Orcish Mines.
 10184 | Orc:1    | Entered Level 1 of the Orcish Mines
 10188 | Orc:1    | Noticed Erica
 10208 | Orc:1    | Killed Erica
 10287 | Orc:1    | Reached ***** piety under Kikubaaqudgha
 10318 | Orc:1    | Found a roughly hewn altar of Beogh.
 10323 | Orc:1    | Noticed Erolcha
 10400 | Orc:1    | Reached XP level 12. HP: 74/86 MP: 9/22
 10406 | Orc:1    | Noticed an orc high priest
 10465 | Orc:1    | Noticed a sixfirhy
 10467 | Orc:1    | Killed an orc high priest
 10628 | Orc:1    | Found Ceara's Armour Shoppe.
 10846 | Orc:2    | Entered Level 2 of the Orcish Mines
 10879 | Orc:2    | Reached skill level 10 in Earth Magic
 10918 | Orc:2    | Found a staircase to the Elven Halls.
 10937 | Orc:2    | Noticed a two-headed ogre
 10937 | Orc:2    | Noticed a two-headed ogre
 10939 | Orc:2    | Noticed an ogre mage
 10951 | Orc:2    | Killed a two-headed ogre
 10955 | Orc:2    | Killed a two-headed ogre
 10955 | Orc:2    | Reached skill level 1 in Charms
 10955 | Orc:2    | Reached skill level 1 in Ice Magic
 10962 | Orc:2    | Noticed a two-headed ogre
 10969 | Orc:2    | Killed an ogre mage
 10973 | Orc:2    | Killed a two-headed ogre
 11301 | Orc:2    | Found a roughly hewn altar of Beogh.
 11448 | Orc:2    | Noticed an orc high priest
 11448 | Orc:2    | Noticed an orc high priest
 11448 | Orc:2    | Noticed an orc high priest
 11454 | Orc:2    | Killed an orc high priest
 11454 | Orc:2    | Killed an orc high priest
 11454 | Orc:2    | Killed an orc high priest
 11454 | Orc:2    | Reached skill level 5 in Charms
 11454 | Orc:2    | Reached skill level 5 in Ice Magic
 11454 | Orc:2    | Reached XP level 13. HP: 81/91 MP: 16/23
 11492 | Orc:2    | Found Vib Ipoa's Distillery.
 11492 | Orc:2    | Found Rafon's Book Boutique.
 11493 | Orc:2    | Found Wocwiam's Antique Weapon Shoppe.
 11493 | Orc:2    | Found Goneuhek's Food Shoppe.
 11532 | Orc:2    | Bought a potion of degeneration for 15 gold pieces
 11532 | Orc:2    | Bought a potion of mutation for 120 gold pieces
 11532 | Orc:2    | Bought a potion of invisibility for 120 gold pieces
 11532 | Orc:2    | Bought a potion of heal wounds for 75 gold pieces
 11532 | Orc:2    | Bought a potion of magic for 120 gold pieces
 11533 | Orc:2    | Gained mutation: Your flesh is heat resistant. (rF+)
                  | [potion of mutation]
 11533 | Orc:2    | Gained mutation: You expend magic power (3 MP) to
                  | strengthen your wands. [potion of mutation]
 11533 | Orc:2    | Gained mutation: You have large cloven feet. [potion of
                  | mutation]
 11534 | Orc:2    | Lost mutation: You have large cloven feet. [potion of
                  | mutation]
 11534 | Orc:2    | Lost mutation: Your flesh is heat resistant. (rF+) [potion
                  | of mutation]
 11534 | Orc:2    | Gained mutation: You are frail. (-10% HP) [potion of
                  | mutation]
 11534 | Orc:2    | Gained mutation: Your body sometimes deteriorates upon
                  | taking damage. [potion of mutation]
 11534 | Orc:2    | Gained mutation: You are partially covered in iridescent
                  | scales. (AC +2) [potion of mutation]
 11535 | Orc:2    | Lost mutation: You expend magic power (3 MP) to strengthen
                  | your wands. [potion of mutation]
 11535 | Orc:2    | Lost mutation: You are partially covered in iridescent
                  | scales. (AC +2) [potion of mutation]
 11535 | Orc:2    | Lost mutation: You are frail. (-10% HP) [potion of
                  | mutation]
 11535 | Orc:2    | Lost mutation: Your body sometimes deteriorates upon taking
                  | damage. [potion of mutation]
 11535 | Orc:2    | Gained mutation: Your spells are a little easier to cast,
                  | but a little less powerful. [potion of mutation]
 11535 | Orc:2    | Gained mutation: You are robust. (+10% HP) [potion of
                  | mutation]
 11535 | Orc:2    | Gained mutation: You expend magic power (3 MP) to
                  | strengthen your wands. [potion of mutation]
 11535 | Orc:2    | Gained mutation: You are agile. (Dex +2) [potion of
                  | mutation]
 11536 | Orc:2    | Lost mutation: You expend magic power (3 MP) to strengthen
                  | your wands. [potion of mutation]
 11536 | Orc:2    | Lost mutation: You are agile. (Dex +2) [potion of mutation]
 11536 | Orc:2    | Lost mutation: Your spells are a little easier to cast, but
                  | a little less powerful. [potion of mutation]
 11536 | Orc:2    | Gained mutation: You possess an exceptional clarity of
                  | mind. [potion of mutation]
 11536 | Orc:2    | Gained mutation: You are partially covered in thin metallic
                  | scales. (AC +2) [potion of mutation]
 11536 | Orc:2    | Gained mutation: You are resistant to hostile enchantments.
                  | (MR+) [potion of mutation]
 11536 | Orc:2    | Gained mutation: You have sharp fingernails. [potion of
                  | mutation]
 11676 | Orc:1    | Killed Erolcha
 11799 | D:10     | Entered Level 10 of the Dungeon
 12097 | D:10     | Reached ****** piety under Kikubaaqudgha
 12115 | D:9      | Received a gift from Kikubaaqudgha
 12116 | D:9      | Fell from the grace of Kikubaaqudgha
 12190 | Temple   | Became a worshipper of Gozag Ym Sagoz the Greedy
 12275 | D:7      | Found a radiant altar of Vehumet.
 12518 | D:10     | Found Faalijo's Antique Armour Shoppe.
 13194 | D:11     | Reached skill level 8 in Spellcasting
 13549 | D:11     | Reached skill level 9 in Spellcasting
 13798 | D:11     | Noticed a four-headed hydra
 13886 | D:11     | Killed a four-headed hydra
 14055 | D:12     | Found Cuacu's Gadget Boutique.
 14070 | D:12     | Found Wider's Weapon Boutique.
 14127 | D:12     | Reached skill level 10 in Spellcasting
 14158 | D:12     | Found Robakoi's General Store.
 14213 | D:12     | Reached XP level 14. HP: 87/111 MP: 17/28
 14292 | D:12     | Found a gate leading to a gauntlet.
 14369 | Gauntlet | Entered a Gauntlet
 14369 | Gauntlet | Found a transporter.
 14379 | Gauntlet | Found a transporter.
 14394 | Gauntlet | Found a transporter.
 14399 | Gauntlet | Found a transporter.
 14420 | Gauntlet | Found a transporter.
 14433 | Gauntlet | Found a transporter.
 14445 | Gauntlet | Found a transporter.
 14457 | Gauntlet | Found a transporter.
 14469 | Gauntlet | Found a transporter.
 14477 | Gauntlet | Found a large runed translucent door.
 14478 | Gauntlet | Found a large runed translucent door.
 14479 | Gauntlet | Found a large runed translucent door.
 14479 | Gauntlet | Found a large runed translucent door.
 14480 | Gauntlet | Found a runed translucent gate.
 14481 | Gauntlet | Found a transporter.
 14481 | Gauntlet | Found a runed translucent gate.
 14482 | Gauntlet | Found a runed translucent gate.
 14483 | Gauntlet | Found a large runed translucent door.
 14483 | Gauntlet | Found a large runed translucent door.
 14484 | Gauntlet | Found a large runed translucent door.
 14485 | Gauntlet | Found a large runed translucent door.
 14494 | Gauntlet | Found a large runed translucent door.
 14494 | Gauntlet | Found a large runed translucent door.
 14494 | Gauntlet | Found a runed translucent door.
 14494 | Gauntlet | Found a runed translucent door.
 14495 | Gauntlet | Found a large runed translucent door.
 14496 | Gauntlet | Found a large runed translucent door.
 14498 | Gauntlet | Found a transporter.
 14505 | Gauntlet | Found a large runed translucent door.
 14505 | Gauntlet | Found a large runed translucent door.
 14506 | Gauntlet | Found a large runed translucent door.
 14507 | Gauntlet | Found a large runed translucent door.
 14515 | Gauntlet | Found a transporter.
 14517 | Gauntlet | Found a transporter.
 14562 | Gauntlet | Found a transporter.
 14640 | Gauntlet | Found a transporter.
 14660 | Gauntlet | Found a transporter.
 14736 | Gauntlet | Identified the cursed +1 shortbow "Goegaw" {venom, Dex+2}
 14736 | Gauntlet | Noticed a minotaur
 14904 | Gauntlet | Found a transporter.
 14968 | Gauntlet | Found a transporter.
 15010 | Gauntlet | Reached skill level 11 in Spellcasting
 15060 | Gauntlet | Learned a level 1 spell: Freeze
 15064 | Gauntlet | Learned a level 3 spell: Frozen Ramparts
 15082 | Gauntlet | Got a transparent turquoise ring
 15116 | Gauntlet | Identified the ring "Loac" {Ice +Blink MR+++ Str-4 Int-3}
                  | (You found it in a Gauntlet)
 15145 | Gauntlet | Killed a minotaur
 15169 | Gauntlet | Got a shimmering crystal plate armour
 15171 | Gauntlet | Identified the Grimoire of Combat Magic and Venom
 15173 | Gauntlet | Got a pitted buckler
 15186 | Gauntlet | Learned a level 6 spell: Iron Shot
 15211 | D:12     | Identified the +1 buckler of Domn {rPois rC- rCorr Slay+4}
                  | (You found it in a Gauntlet)
 15221 | D:12     | Identified the +5 crystal plate armour of the Eight Lovers
                  | {rN+ MP-9 Int+2} (You found it in a Gauntlet)
 15297 | D:12     | Reached skill level 1 in Shields
 15654 | D:12     | Found Foteki's General Store.
 16004 | D:13     | Found a gate to the Vaults.
 16043 | D:13     | Reached skill level 12 in Spellcasting
 16542 | D:14     | Reached skill level 13 in Spellcasting
 16847 | D:14     | Found a shadowy altar of Dithmenos.
 17123 | D:14     | Found a basalt altar of Yredelemnul.
 17192 | D:14     | Reached skill level 14 in Spellcasting
 17214 | D:14     | Reached XP level 15. HP: 117/117 MP: 28/33
 17439 | D:15     | Entered Level 15 of the Dungeon
 17532 | D:15     | Noticed Azrael
 17548 | D:15     | Killed Azrael
 17878 | D:15     | Found a staircase to the Depths.
 18289 | D:15     | Reached skill level 15 in Spellcasting
 18470 | Lair:1   | Entered Level 1 of the Lair of Beasts
 19177 | Lair:2   | Noticed Gastronok
 19188 | Lair:2   | Killed Gastronok
 19252 | Lair:2   | Found a staircase to the Snake Pit.
 19373 | Lair:2   | Reached skill level 16 in Spellcasting
 20035 | Lair:2   | Noticed Harold
 20043 | Lair:2   | Killed Harold
 20692 | Lair:3   | Found a staircase to the Swamp.
 20748 | Lair:3   | Was forgiven by Kikubaaqudgha
 20871 | Lair:3   | Found a bloodstained altar of Trog.
 21388 | Lair:4   | Reached XP level 16. HP: 115/124 MP: 19/36
 21675 | Lair:4   | Reached skill level 17 in Spellcasting
 21693 | Lair:4   | Reached skill level 5 in Shields
 23238 | Lair:6   | Entered Level 6 of the Lair of Beasts
 23438 | Lair:6   | Reached skill level 5 in Dodging
 24380 | Lair:6   | Found a staircase to the Slime Pits.
 24802 | D:9      | Learned a level 5 spell: Lee's Rapid Deconstruction
 24850 | Snake:1  | Entered Level 1 of the Snake Pit
 24857 | Snake:1  | Reached XP level 17. HP: 117/136 MP: 32/38
 25342 | Snake:1  | Found Cuttesto's Magic Scroll Boutique.
 25345 | Snake:1  | Bought a scroll of identify for 24 gold pieces
 25345 | Snake:1  | Bought a scroll of enchant armour for 90 gold pieces
 25345 | Snake:1  | Bought a scroll of identify for 24 gold pieces
 26374 | Snake:2  | Noticed Aizul
 26386 | Snake:2  | Killed Aizul
 26386 | Snake:2  | Reached skill level 10 in Fighting
 26386 | Snake:2  | Reached skill level 10 in Armour
 26695 | Snake:3  | Noticed Agnes
 26710 | Snake:3  | Killed Agnes
 27080 | Snake:3  | Reached skill level 10 in Shields
 27442 | Snake:4  | Entered Level 4 of the Snake Pit
 27475 | Snake:4  | Reached skill level 10 in Necromancy
 27685 | Snake:4  | Reached XP level 18. HP: 65/147 MP: 26/39
 28104 | Snake:4  | Noticed Vashnia
 28121 | Snake:4  | Shot with a bolt by Vashnia

Illustrated notes

Levels and vault maps discovered:
D:1:      minmay_arrival_four_houses, layout_basic, nemelex_altar_shiori
D:2:      layout_basic, serial_forest, infiniplex_forest_lined_2,
          infiniplex_forest_lined_ring, infiniplex_forest_clump_tiny,
          infiniplex_forest_diagonal, kennysheep_another_room
D:3:      minmay_razor_zed, layout_loops_corners, uniq_sigmund, uniq_jessica,
          uniq_grinder
D:4:      layout_loops_ring, minmay_misc_feat_encased,
          kennysheep_generic_room_15, uniq_edmund, uniq_natasha, uniq_ijyb
D:5:      layout_basic, minmay_temple_entry_grid, serial_shops, shop,
          first_ration, hangedman_decor_push
D:6:      layout_basic, hangedman_feature_mirror, kennysheep_generic_room_9
D:7:      cheibrodos_iron_armory, layout_basic, lemuel_coloured_pillars_altar
D:8:      layout_loops_ring, uniq_pikel
D:9:      layout_roguey, lair_entry_dummy, erik_orc_4
D:10:     layout_gridville, serial_shops, nicolae_shop_window_shopping
D:11:     layout_loops_ring, the_bakery
D:12:     layout_loops_ring, gauntlet_entry_generic, serial_shops,
          nicolae_shop_crystal, shop_statue, shop, nicolae_shop_statue_plus
D:13:     layout_rooms, david_vaults_3
D:14:     layout_irregular_city, basic_altar, nicolae_dithmenos_the_darkroom
D:15:     grunt_enter_depths_snipers, layout_loops_ring, nrook_campfire,
          roderic_roman_lattice, uniq_azrael
Temple:   grunt_wide_crystal_templ
Lair:1:   layout_cave_shapes, minmay_hedge_maze, st_stairs_10,
          grunt_megastairs_5, serial_bayou_shore_b, infiniplex_staircase_pool
Lair:2:   layout_chaotic_city, minmay_snake_entry_guardpost_small,
          minmay_lair_oklob_chamber, lemuel_fruit_fields, grunt_megastairs_3,
          uniq_harold, uniq_gastronok
Lair:3:   layout_roguey, nicolae_swamp_entry_splash_gauntlet, basic_altar,
          infiniplex_staircase_pool_2, lemuel_fruit_tree
Lair:4:   layout_regular_city, serial_bayou_shore_b, grunt_megastairs_1
Lair:5:   layout_regular_city, grunt_megastairs_2
Lair:6:   minmay_lair_end_enchanted_forest, layout_regular_city,
          minmay_slime_entry_oklob_enclosed, serial_bayou_pond_a,
          serial_bayou_shore_a, grunt_megastairs_4
Snake:1:  layout_rooms, serial_shops, nicolae_shop_behind_doors
Snake:2:  layout_concentric_octagons, uniq_aizul
Snake:3:  layout_misc_corridors, nicolae_snake_serpentine_hallways, uniq_agnes
Snake:4:  johnstein_snake_rune_scales, layout_gridlike, st_stairs_11
Orc:1:    layout_caves, serial_shops, nicolae_shop_stone, basic_altar,
          uniq_erica, uniq_erolcha
Orc:2:    st_orc_elflike, layout_caves, basic_altar

Skill      XL: |  1  2  3  4  5  6  7  8  9 10 11 12 13 14 15 16 17 18 |
---------------+-------------------------------------------------------+-----
Conjurations   | 1 2 3 4 5 6 |  6.0
Poison Magic   | 1 2 4 |  4.0
Fire Magic     | 1 2 3 4 5 |  5.0
Air Magic      | 1 2 3 4 |  4.0
Armour         | 1 4 5 6 8 10 | 10.0
Fighting       | 1 4 5 6 8 10 | 10.0
Necromancy     | 1 4 7 9 10 | 10.9
Dodging        | 2 4 6 7 |  7.0
Spellcasting   | 6 7 10 14 16 17 | 17.0
Earth Magic    | 8 11 12 13 | 13.0
Charms         | 5 6 |  6.0
Ice Magic      | 5 6 |  6.0
Shields        | 3 9 10 11 | 11.5
Stealth        | |  2.4
Summonings     | |  1.0
Translocations | |  0.8

Action                   |  1- 3 |  4- 6 |  7- 9 | 10-12 | 13-15 | 16-18 || total
-------------------------+-------+-------+-------+-------+-------+-------++-------
Melee: Unarmed           |    27 |       |       |       |       |       ||    27
       Club              |     8 |     1 |       |       |       |       ||     9
       Dagger            |       |    23 |   128 |    70 |     8 |       ||   229
       Trident           |       |       |    43 |   333 |   678 |   536 ||  1590
       Flail             |       |       |       |       |    68 |    61 ||   129
       Scimitar          |       |       |       |       |     8 |     4 ||    12
 Fire: Longbow           |       |       |     2 |       |       |       ||     2
       Shortbow          |       |       |       |       |     9 |     8 ||    17
Throw: Boomerang         |       |       |     1 |       |       |       ||     1
       Dart              |       |       |       |       |     4 |       ||     4
 Cast: Magic Dart        |    76 |    54 |    69 |    39 |    20 |     9 ||   267
       Mephitic Cloud    |       |     7 |    45 |    45 |    33 |    10 ||   140
       Conjure Flame     |       |     2 |    24 |    43 |    80 |     7 ||   156
       Vampiric Draining |       |       |       |    17 |    14 |    14 ||    45
       Borgnjor's Vile C |       |       |       |    31 |   177 |   249 ||   457
       Ozocubu's Armour  |       |       |       |     1 |    37 |    34 ||    72
       Dispel Undead     |       |       |       |       |    16 |       ||    16
       Frozen Ramparts   |       |       |       |       |     2 |       ||     2
       Sublimation of Bl |       |       |       |       |     1 |    12 ||    13
Invok: Receive Necronomi |       |       |       |       |     1 |       ||     1
       Renounce Religion |       |       |       |       |     1 |       ||     1
       Potion Petition   |       |       |       |       |       |     1 ||     1
 Abil: Dig               |     1 |     4 |    11 |    22 |    22 |    15 ||    75
Evoke: Wand              |       |       |     1 |       |       |       ||     1
  Use: Scroll            |       |     7 |     1 |     3 |    12 |    14 ||    37
       Potion            |       |       |     1 |       |     4 |     2 ||     7
 Stab: Sleeping          |     2 |     1 |       |     2 |     3 |     1 ||     9
       Confused          |       |     3 |    13 |    22 |     9 |     7 ||    54
       Distracted        |       |       |       |       |     3 |    10 ||    13
       Petrified         |       |       |       |       |     4 |       ||     4
  Eat: Chunk             |     3 |     7 |    13 |    27 |     7 |       ||    57
       Ration            |       |       |     1 |       |    15 |     7 ||    23
Armor: Robe              |    14 |       |    17 |    14 |       |       ||    45
       Ring mail         |       |       |       |    27 |       |       ||    27
       Troll leather arm |       |       |       |     7 |   301 |   226 ||   534
Dodge: Dodged            |    38 |    25 |    76 |   182 |   693 |   566 ||  1580
Block: Buckler           |       |       |       |       |   136 |   138 ||   274
       Kite shield       |       |       |       |       |       |   226 ||   226
